 Dungeon Crawl Stone Soup version 0.31-a0-788-ga445dbd2db (webtiles) character file.

Game seed: 8750960262060588921

177057 MacCMillion the Spry (level 17, -6/83 HPs)
             Began as a Felid Summoner on Sept 14, 2023.
             Was the Champion of Kikubaaqudgha.
             Shot with an arrow by a satyr (25 damage)
             ... on level 3 of the Shoals on Sept 18, 2023.
             The game lasted 02:30:17 (52200 turns).

MacCMillion the Spry (Felid Summoner)              Turns: 52200, Time: 02:30:18

Health: -6/83      AC:  3    Str:  4    XL:     17   Next: 53%
Magic:  34/34      EV: 36    Int: 23    God:    Kikubaaqudgha [******]
Gold:   1379       SH:  0    Dex: 18    Spells: 4/41 levels left
                                        Lives:  0   Deaths: 6

rFire   . . .        (weapon unavailable)
rCold   + . .        (shield unavailable)
rNeg    . . .        (body armour unavailable)
rPois   .            (helmet unavailable)
rElec   .            (cloak unavailable)
rCorr   .            (gloves unavailable)
SInv    +            (boots unavailable)
Will    ++...        O - amulet of magic regeneration
Stlth   +++          t - +5 ring of evasion
HPRegen 0.33/turn    B - ring of flight
MPRegen 0.64/turn

%: no passive effects
@: animating dead, flying, quick
A: very small, claws 1, fangs 3, see invisible, speed 1, shaggy fur 3, stealthy
paws, no weapons or thrown items, no armour, multi-lived
a: Renounce Religion, Unearth Wretches, Torment


You were on level 3 of the Shoals.
You worshipped Kikubaaqudgha.
Kikubaaqudgha was exalted by your worship.
You visited 5 branches of the dungeon, and saw 26 of its levels.
You also visited: Sewer and Bailey.

You collected 3496 gold pieces.
You spent 2117 gold pieces at shops.

Inventory:

Jewellery
 a - the ring of Zaudweom {rF+ Str+6 SInv Stlth+}
   (You bought it in a shop on level 1 of the Orcish Mines)

   [ring of strength]

   Str+6:     It affects your strength (+6).
   rF+:       It protects you from fire.
   SInv:      It lets you see invisible.
   Stlth+:    It makes you more stealthy.
 t - a +5 ring of evasion (left paw)
 B - a ring of flight (right paw)
 G - a ring of wizardry
 I - an amulet of faith
 K - a ring of protection from cold
 M - a +4 ring of slaying
 O - an amulet of magic regeneration (around neck)
Wands
 c - a wand of digging (8)
 u - a wand of paralysis (19)
 y - a wand of mindburst (11)
 C - a wand of polymorph (1)
 E - a wand of flame (15)
 H - a wand of iceblast (2)
Scrolls
 b - a scroll of summoning
 d - 8 scrolls of teleportation
 f - 3 scrolls of poison
 j - a scroll of blinking
 k - 3 scrolls of identify
 l - 4 scrolls of fear
 o - 3 scrolls of amnesia
 p - a scroll of immolation
 s - a scroll of fog
 A - a scroll of torment
 D - a scroll of noise
 F - 3 scrolls of vulnerability
 J - 6 scrolls of revelation
Potions
 e - a potion of resistance
 g - 11 potions of mutation
 h - 5 potions of attraction
 i - 6 potions of brilliance
 m - 5 potions of might
 n - 6 potions of cancellation
 q - a potion of invisibility
 v - 4 potions of berserk rage
 w - 7 potions of lignification
 x - 3 potions of magic
 z - 3 potions of enlightenment
 L - 2 potions of curing


   Skills:
 + Level 14.0 Fighting
 + Level 18.0 Dodging
 - Level 4.0 Stealth
 - Level 12.5 Spellcasting
 - Level 5.0 Hexes
 + Level 13.2 Summonings
 * Level 12.6 Necromancy
 - Level 5.4 Translocations
 - Level 5.0 Air Magic
 - Level 6.0 Earth Magic


You had 4 spell levels left.
You knew the following spells:

 Your Spells              Type           Power      Damage    Failure   Level
a - Summon Small Mammal   Summ           100%       N/A       1%          1
b - Call Canine Familiar  Summ           66%        N/A       1%          3
c - Summon Guardian Gole  Hex/Summ       54%        N/A       1%          3
d - Summon Lightning Spi  Summ/Air       54%        N/A       1%          4
e - Summon Cactus Giant   Summ           33%        N/A       3%          6
f - Animate Dead          Necr           64%        N/A       1%          4
g - Summon Forest         Summ/Tloc      27%        N/A       2%          5
h - Death Channel         Necr           32%        N/A       3%          6
i - Borgnjor's Vile Clut  Necr/Erth      27%        N/A       2%          5

Your spell library contained the following spells:

 Spells                   Type           Power      Damage    Failure   Level
 Kiss of Death            Conj/Necr      100%       2d13      1%          1
 Necrotise                Necr           100%       1d9       1%          1
 Blink                    Tloc           78%        N/A       1%          2
 Call Imp                 Summ           100%       N/A       1%          2
 Lesser Beckoning         Tloc           78%        N/A       1%          2
 Sublimation of Blood     Necr           64%        N/A       1%          2
 Confusing Touch          Hex            37%        N/A       1%          3
 Gell's Gravitas          Tloc           39%        N/A       1%          3
 Teleport Other           Tloc           39%        N/A       1%          3
 Tukima's Dance           Hex            37%        N/A       1%          3
 Vampiric Draining        Necr           64%        2d10      1%          3
 Dispel Undead            Necr           64%        3d22      1%          4
 Momentum Strike          Conj/Tloc      52%        3d9       2%          2
 Freeze                   Ice            56%        1d7       4%          1
 Inner Flame              Hex/Fire       25%        N/A       4%          3
 Manifold Assault         Tloc           39%        N/A       4%          4
 Cause Fear               Hex            18%        N/A       5%          4
 Wereblood                Tmut           14%        N/A       7%          2
 Frozen Ramparts          Ice            28%        1d5       13%         3
 Hailstorm                Conj/Ice       14%        3d5       13%         3
 Ignite Poison            Fire/Tmut/Pois 14%        N/A       13%         3
 Iskenderun's Mystic Bla  Conj/Tloc      26%        2d7       14%         4
 Flame Wave               Conj/Fire      14%        2d6       41%         4
 Sticky Flame             Conj/Fire      14%        2d4       41%         4
 Agony                    Necr           64%        N/A       1%          5
 Summon Mana Viper        Hex/Summ       54%        N/A       3%          5
 Haunt                    Necr/Summ      32%        N/A       19%         7
 Dispersal                Tloc           19%        N/A       58%         6
 Fireball                 Conj/Fire      7%         3d5       77%         5
 Irradiate                Conj/Tmut      7%         3d14      77%         5
 Borgnjor's Revivificati  Necr           32%        N/A       85%         8
 Infestation              Necr           32%        N/A       85%         8
 Disjunction              Tloc           19%        N/A       100%        8
 Ignition                 Fire           7%         3d4       100%        8
 Death's Door             Necr           32%        N/A       100%        9
 Dragon's Call            Summ           33%        N/A       100%        9
 Dimensional Bullseye     Hex/Tloc       Unusable   N/A       N/A         4

Dungeon Overview and Level Annotations

Branches:
Dungeon (15/15)            Temple (1/1) D:6            Lair (5/5) D:11
 Shoals (3/4) Lair:3        Snake (0/4) Lair:2        Slime (0/5) Lair:4
    Orc (2/2) D:9             Elf (0/3) Orc:2        Vaults (0/5) D:13
 Depths (0/4) D:15          Sewer (visited)          Bailey (visited)

Altars:
Ashenzari
Cheibriados
Dithmenos
Elyvilon
Fedhas
Gozag
Hepliaklqana
Kikubaaqudgha
Makhleb
Nemelex Xobeh
Okawaru
Qazlal
Ru
Sif Muna
Trog
Uskayaw
Vehumet
Wu Jian
Xom
Yredelemnul
Zin
The Shining One

Shops:
D:5 ?   Orc:1 *[?(?   Orc:2 ([*=   Shoals:1 *   Shoals:2 ?:

Portals:
Hell: Lair:5
Trove: D:11 (give 5 scrolls of fear)

Annotations:
Lair:1 1 runed translucent door


Innate Abilities, Weirdness & Mutations

You have sharp claws.
You have razor-sharp teeth.
You have supernaturally acute eyesight. (SInv)
You cover ground quickly. (Speed+)
Your thick and shaggy fur keeps you warm. (AC +3, rC+)
Your paws help you pounce on unaware monsters.
You are incapable of wielding weapons or throwing items.
You cannot wear armour.
You gain extra lives every three experience levels.


Message History

You start resting.
Magic restored.
You swap places.
The satyr shoots an arrow.
The arrow completely misses you.
You scratch the satyr. You bite the satyr.
The satyr is lightly wounded.
The satyr shoots an arrow.
The arrow misses you. The arrow completely misses your warg.
The satyr shoots an arrow.
The arrow barely misses you.
You scratch the satyr.
The satyr is lightly wounded.
Your warg barely misses the satyr.
Your warg bites the satyr.
The satyr shoots an arrow.
The arrow hits you!!
You closely miss the satyr.
The satyr is lightly wounded.
Your warg closely misses the satyr.
Your cactus giant hits the satyr with a +0 giant spiked club!
The satyr shoots an arrow.
The arrow hits you!!
You scratch the satyr.
The satyr is heavily wounded.
Your warg bites the satyr!
The satyr plays a lulling melody on its pipes!
Your warg falls asleep!
You scratch the satyr but do no damage.
The satyr is severely wounded.
The satyr unwields a +0 longbow.
The satyr wields a +0 club.
The satyr hits you with a +0 club.
You scratch the satyr.
The satyr is severely wounded.
Your cactus giant completely misses the satyr.
You scratch the satyr but do no damage. You claw the satyr. You bite the satyr.
The satyr is severely wounded.
The satyr unwields a +0 club.
The satyr wields a +0 longbow.
The satyr shoots an arrow.
The arrow hits you!
* * * LOW HITPOINT WARNING * * *
You closely miss the satyr.
The satyr is severely wounded.
Your warg misses the satyr.
The satyr shoots an arrow.
The arrow hits you!!
You die...
Kikubaaqudgha rasps: "You have failed me!
Welcome... death!"

≈≈~~~~~~~~~~~~~~~~#~(~~###†_†###
≈≈~~~~~~~~~~P~~÷~~#~~(##..P.P~~##
≈≈≈~~~~~~~....~P<.#.#'#~~#..~#~~#
≈≈≈~~~~~~~~~..~~P.###~~~~~...~~..
≈≈≈≈≈~~~~~~~~~~~~###~~~.#~P.P~#c.
≈≈≈≈≈≈≈≈~~~~~~~~##~~~~~.~Z~.~~~..
≈≈≈≈≈≈≈≈≈~)~~~~###)~(#..~.Z~~P~.P
≈≈≈≈≈≈≈≈≈≈~~~~Zhc)~~~~~~~..~..~~~
≈≈≈≈≈≈≈≈≈≈≈≈≈≈≈C@~~###~~...Z.Z~~~
≈≈≈≈≈≈≈≈≈≈≈≈≈≈≈~÷~~~)###...~Z)~##
≈≈≈≈≈≈≈≈≈≈≈≈≈≈≈≈)~~~~~~####.####~
≈≈≈≈≈≈≈≈≈≈≈≈≈≈≈≈≈~~~~)~)~Z~~~~~~~
≈≈≈≈≈≈≈≈≈≈≈≈≈≈≈≈≈≈≈~~~~÷~~~~~~~~~
≈≈≈≈≈≈≈≈≈≈≈≈≈≈≈≈≈≈≈≈≈~~~~~~~~~~~~
≈≈≈≈≈≈≈≈≈≈≈≈≈≈≈≈≈≈≈≈≈≈~~~~~~~~~~~
≈≈≈≈≈≈≈≈≈≈≈≈≈≈≈≈≈≈≈≈≈≈≈≈≈≈≈≈≈≈≈≈~
≈≈≈≈≈≈≈≈≈≈≈≈≈≈≈≈≈≈≈≈≈≈≈≈≈≈≈≈≈≈≈≈≈


You could see a satyr (ally target), a friendly cactus giant (summoned), a
friendly warg (summoned) and a friendly faun zombie.

Vanquished Creatures
  A death yak (Shoals:3)
  A necromancer (D:15)
  A manticore (D:11)
  A merfolk siren (Shoals:3)
  A centaur (D:13)
  A boggart (Lair:4)
  3 electric eels
  3 orc wizards
  An adder (D:2)
  An orc (D:7)
  A giant cockroach (D:1)
  A hobgoblin (D:3)
  A quokka (D:1)
  2 kobolds
19 creatures vanquished.

Vanquished Creatures (collateral kills)
  Nikola (Shoals:2)
  Jorgrun (Shoals:1)
  Mlioglotl (Shoals:1)
  Polyphemus (Shoals:3)
  An orc warlord (Orc:1)
  Nessos (Lair:5)
  A minotaur (Shoals:3)
  A dire elephant (Lair:5)
  An ettin (D:15)
  2 merfolk impalers
  A merfolk javelineer (Shoals:3)
  5 hydras
  An ice dragon (Shoals:2)
  Erolcha (D:10)
  2 catoblepae
  2 ogre magi
  5 boulder beetles
  8 death yaks
  2 centaur warriors
  2 dancing weapons (D:13)
  2 merfolk aquamancers
  4 two-headed ogres (D:15)
  5 orc high priests (Orc:2)
  5 tengu warriors
  Urug (D:10)
  A hell knight (D:15)
  4 skysharks
  3 skeletal warriors (D:12)
  4 sea snakes
  5 orc knights
  A deep troll (D:15)
  2 deep elf pyromancers
  A necromancer (D:15)
  2 wizards
  8 harpies (Shoals:2)
  7 fauns
  3 orc sorcerers
  4 cyclopes
  3 manticores
  4 ugly things
  9 black mambas
  7 merfolk sirens
  6 elephants
  2 water nymphs (Shoals:2)
  5 orange demons (Lair:5)
  10 cane toads
  2 gargoyles
  4 kobold demonologists
  An unseen horror (D:10)
  An ice devil (Lair:5)
  6 rime drakes
  A torpor snail (Lair:1)
  An efreet (D:14)
  A freezing wraith (D:11)
  10 komodo dragons
  2 yaktaurs (D:15)
  3 tengu conjurers
  4 wind drakes
  7 meliai
  5 trolls
  11 merfolk
  A polar bear (Lair:2)
  4 hornets
  A hellwing (Lair:5)
  13 blink frogs
  Prince Ribbit (D:9)
  6 snapping turtles
  10 spriggans
  2 shadows
  A vampire (D:11)
  6 water elementals
  4 wraiths
  4 wyverns
  21 yaks
  14 vampire mosquitoes
  4 basilisks
  A steam dragon (Lair:3)
  A warg (shapeshifter) (D:13)
  Menkaure (D:6)
  4 wargs
  2 acid dragons
  An acid dragon (shapeshifter) (D:13)
  Duvessa (D:6)
  2 floating eyes (Orc:1)
  3 hell hounds (Lair:5)
  30 water moccasins
  25 orc warriors
  A swamp drake (D:11)
  3 ice beasts (D:6)
  3 ogres
  A black bear (Lair:2)
  2 boggarts (Lair:4)
  9 wolves
  8 centaurs
  5 kobold brigands
  2 phantoms
  13 bullfrogs
  6 scorpions
  A two-headed ogre simulacrum (D:13)
  2 cane toad simulacra (D:13)
  2 wights (D:6)
  Dowan (D:6)
  4 killer bees (D:7)
  2 howler monkeys
  2 hounds
  27 orc priests
  3 iguanas
  19 orc wizards
  A spriggan simulacrum (D:13)
  A troll simulacrum (D:13)
  5 nameless horrors
  A wolf simulacrum (D:13)
  A gnoll (D:11)
  2 naga simulacra (D:13)
  11 adders
  A shadow imp (D:8)
  A white imp (D:6)
  An ufetubus (D:5)
  6 worms
  5 dart slugs
  80 orcs
  4 endoplasms
  3 giant cockroaches
  11 goblins
  8 hobgoblins
  3 jackals (D:2)
  18 kobolds
  4 quokkas
  5 ball pythons
  3 bats
  7 frilled lizards
  3 rats
671 creatures vanquished.

Vanquished Creatures (others)
  3 hydras
  A boulder beetle (D:9)
  A two-headed ogre (D:10)
  7 death yaks
  A sixfirhy (Lair:5)
  A human zombie (Shoals:2)
  Pikel (D:7)
  2 fauns (Shoals:1)
  2 elephants (Lair:5)
  2 black mambas
  Joseph (D:7)
  A cane toad (Lair:2)
  A komodo dragon (Lair:1)
  A catoblepas zombie (Shoals:3)
  A rime drake (Lair:3)
  Maggie (D:9)
  4 death yak zombies (Shoals:3)
  A tengu conjurer (D:10)
  A sea snake zombie (Shoals:1)
  3 trolls
  7 harpy zombies (Shoals:2)
  A merfolk (Shoals:1)
  A hornet (Lair:4)
  3 polar bears
  2 meliai zombies (Shoals:3)
  2 blink frogs
  18 yaks
  A black mamba zombie (Lair:4)
  2 spriggans (Lair:4)
  A wind drake zombie (Shoals:3)
  2 wyverns
  3 vampire mosquitoes (D:10)
  2 basilisks (D:11)
  Edmund (D:4)
  3 water moccasins
  2 skyshark zombies (Shoals:1)
  A faun zombie (Shoals:3)
  3 ice beasts
  An elephant zombie (Shoals:3)
  2 merfolk zombies
  Pargi (Sewer)
  2 orc warriors (D:9)
  A black bear (D:7)
  4 ogres
  4 wolves
  A lemure (D:7)
  A phantom (D:6)
  A bullfrog (Lair:4)
  A wight (D:6)
  3 warg zombies (Orc:2)
  3 yak zombies (Lair:4)
  A bullfrog zombie (Lair:4)
  A sleepcap (D:6)
  2 orc wizards (D:7)
  2 iguanas
  2 ogre zombies (Orc:2)
  An adder (Sewer)
  10 orc zombies (Orc:2)
  An orc (Bailey)
  6 snaplasher vines
142 creatures vanquished.

Grand Total: 832 creatures vanquished

Notes
Turn   | Place    | Note
-------+----------+-------------------------------------------
     0 | D:1      | MacCMillion the Felid Summoner began the quest for the Orb.
     0 | D:1      | Reached XP level 1. HP: 7/7 MP: 4/4
   194 | D:1      | Reached XP level 2. HP: 11/11 MP: 3/6
   798 | D:1      | Reached XP level 3. HP: 14/14 MP: 5/8
  1065 | D:2      | Found an ornate altar of the Wu Jian Council.
  1072 | D:1      | Learned a level 3 spell: Call Canine Familiar
  1697 | D:2      | Reached XP level 4. HP: 18/18 MP: 5/9
  1719 | D:2      | Reached skill level 5 in Summonings
  1923 | D:2      | Learned a level 3 spell: Summon Guardian Golem
  2747 | D:2      | Frozen to death by an endoplasm
  2748 | D:2      | Upgraded the game from 0.31-a0-746-ge8284cb111 to
                  | 0.31-a0-764-g8440623082
  3229 | D:3      | Reached skill level 1 in Hexes
  3307 | D:3      | Reached skill level 3 in Dodging
  3988 | D:4      | Reached XP level 5. HP: 21/21 MP: 6/10
  4019 | D:4      | Noticed an ogre
  4093 | D:4      | Found a glowing drain.
  4122 | D:4      | Reached skill level 1 in Fighting
  4179 | Sewer    | Entered a sewer
  4206 | Sewer    | Noticed Pargi
  4228 | Sewer    | Killed Pargi
  4527 | D:4      | Reached skill level 5 in Hexes
  4527 | D:4      | Gained mutation: You are covered in thick fur. (AC +2)
                  | [Felid growth]
  4527 | D:4      | Reached XP level 6. HP: 18/25 MP: 7/11
  4601 | D:4      | Found a sacrificial altar of Ru.
  5050 | D:4      | Noticed Edmund
  5130 | D:4      | Killed Edmund
  5131 | D:4      | Reached skill level 4 in Dodging
  5247 | D:5      | Entered Level 5 of the Dungeon
  5247 | D:5      | Noticed an ice beast
  5269 | D:5      | Killed an ice beast
  5270 | D:5      | Reached XP level 7. HP: 30/30 MP: 5/13
  5795 | D:5      | Reached skill level 5 in Dodging
  5829 | D:5      | Learned a level 4 spell: Summon Lightning Spire
  6370 | D:5      | Found an ornate altar of the Wu Jian Council.
  6667 | D:5      | Noticed a wyvern
  6681 | D:5      | Killed a wyvern
  6682 | D:5      | Reached XP level 8. HP: 14/34 MP: 9/15
  7042 | D:5      | Found a white marble altar of Elyvilon.
  7089 | D:5      | Found Xagohe's Magic Scroll Shop.
  7101 | D:5      | Bought a scroll of identify for 24 gold pieces
  7101 | D:5      | Bought a scroll of identify for 24 gold pieces
  7783 | D:5      | Found a stormy altar of Qazlal.
  8164 | D:5      | Reached skill level 6 in Dodging
  8164 | D:5      | Reached skill level 5 in Spellcasting
  8260 | D:6      | Noticed Duvessa
  9298 | D:6      | Found a staircase to the Ecumenical Temple.
  9331 | Temple   | Entered the Ecumenical Temple
  9882 | D:6      | Reached XP level 9. HP: 39/39 MP: 11/18
  9955 | D:6      | Reached skill level 7 in Dodging
 10323 | D:6      | Noticed Dowan
 10953 | D:6      | Killed Duvessa
 10954 | D:6      | Reached skill level 5 in Fighting
 10999 | D:6      | Killed Dowan
 11089 | D:7      | Noticed Menkaure
 11099 | D:6      | Killed Menkaure
 11397 | D:7      | Reached skill level 1 in Air Magic
 11552 | D:7      | Noticed Pikel
 11583 | D:7      | Killed Pikel
 11699 | D:6      | Reached skill level 5 in Air Magic
 11980 | D:7      | Killed from afar by an orc wizard
 12326 | D:7      | Noticed Joseph
 12692 | D:7      | Killed Joseph
 12693 | D:7      | Reached XP level 10. HP: 37/44 MP: 8/20
 12718 | D:7      | Reached skill level 8 in Dodging
 13615 | D:7      | Found a shimmering blue altar of Sif Muna.
 13662 | D:7      | Noticed a soul eater
 14433 | D:8      | Found a blossoming altar of Fedhas.
 15146 | D:9      | Identified a scroll of acquirement
 15147 | D:9      | Acquired 831 gold pieces
 15242 | D:9      | Found a flagged portal.
 15249 | Bailey   | Entered a bailey
 15435 | D:9      | Noticed Prince Ribbit
 15461 | D:9      | Killed Prince Ribbit
 15462 | D:9      | Reached skill level 9 in Dodging
 16036 | D:9      | Noticed Maggie
 16046 | D:9      | Killed Maggie
 16125 | D:9      | Found a blossoming altar of Fedhas.
 16155 | D:9      | Found a staircase to the Orcish Mines.
 16525 | D:9      | Found an opulent altar of Gozag.
 16526 | D:9      | Noticed a boulder beetle
 16769 | D:9      | Killed a boulder beetle
 16770 | D:9      | Reached XP level 11. HP: 50/50 MP: 18/23
 17038 | D:10     | Entered Level 10 of the Dungeon
 17047 | D:10     | Noticed a two-headed ogre
 17055 | D:10     | Killed a two-headed ogre
 17056 | D:10     | Reached skill level 10 in Dodging
 17056 | D:10     | Reached skill level 10 in Summonings
 17623 | D:10     | Noticed Erolcha
 17646 | D:10     | Killed Erolcha
 18035 | D:10     | Found a snail-covered altar of Cheibriados.
 18045 | D:10     | Found a sparkling altar of Nemelex Xobeh.
 18075 | D:10     | Noticed Urug
 18354 | D:10     | Killed Urug
 19370 | D:10     | Found an ancient bone altar of Kikubaaqudgha.
 19372 | D:10     | Found a burning altar of Makhleb.
 19652 | D:11     | Noticed a centaur warrior
 19673 | D:10     | Reached skill level 11 in Dodging
 20126 | D:11     | Learned a level 6 spell: Summon Cactus Giant
 21467 | D:11     | Noticed a boulder beetle
 21948 | D:11     | Found a portal to a secret trove of treasure.
 22034 | D:11     | Killed a boulder beetle
 22553 | D:11     | Found an iron altar of Okawaru.
 22645 | D:10     | Became a worshipper of Kikubaaqudgha
 22692 | D:11     | Gained mutation: Your thick and shaggy fur keeps you warm.
                  | (AC +3, rC+) [Felid growth]
 22692 | D:11     | Reached XP level 12. HP: 56/56 MP: 16/25
 22824 | D:11     | Found a staircase to the Lair.
 23182 | Lair:1   | Entered Level 1 of the Lair of Beasts
 23196 | Lair:1   | Reached skill level 12 in Dodging
 23425 | Lair:1   | Noticed a five-headed hydra
 23439 | Lair:1   | Killed a five-headed hydra
 23599 | Lair:1   | Reached * piety under Kikubaaqudgha
 23599 | Lair:1   | Received a gift from Kikubaaqudgha
 23898 | Lair:1   | Noticed a death yak
 23934 | Lair:1   | Killed a death yak
 24252 | Lair:1   | Found a runed translucent door.
 24458 | Lair:1   | Found the +8 demon blade "Leech" {evervamp, Harm Drain rN+}
 25146 | Lair:1   | Reached skill level 13 in Dodging
 25375 | Lair:2   | Found an ornate altar of the Wu Jian Council.
 25472 | Lair:2   | Reached skill level 10 in Fighting
 25601 | Lair:2   | Noticed a seven-headed hydra
 25645 | Lair:2   | Slain by a blink frog
 25716 | Lair:2   | Reached skill level 10 in Spellcasting
 26127 | Lair:2   | Reached XP level 13. HP: 55/62 MP: 13/28
 26426 | Lair:2   | Reached ** piety under Kikubaaqudgha
 26594 | Lair:2   | Found a staircase to the Snake Pit.
 26933 | Lair:2   | Reached skill level 1 in Necromancy
 27440 | Lair:2   | Reached skill level 14 in Dodging
 28602 | Lair:3   | Reached *** piety under Kikubaaqudgha
 28602 | Lair:3   | Received a gift from Kikubaaqudgha
 28627 | Lair:3   | Reached skill level 5 in Necromancy
 29252 | Lair:3   | Found a staircase to the Shoals.
 29462 | Lair:3   | Learned a level 4 spell: Animate Dead
 31185 | Lair:4   | Identified the +3 rapier of Aroy {distort, Drain rPois
                  | rN+++ Str+2}
 31976 | Lair:4   | Reached skill level 15 in Dodging
 31987 | Lair:4   | Reached XP level 14. HP: 66/67 MP: 10/29
 32355 | Lair:4   | Upgraded the game from 0.31-a0-764-g8440623082 to
                  | 0.31-a0-765-g67fe2935dc
 32603 | Lair:4   | Reached **** piety under Kikubaaqudgha
 32808 | Lair:4   | Found a staircase to the Slime Pits.
 32878 | Lair:5   | Entered Level 5 of the Lair of Beasts
 33081 | Lair:5   | Reached skill level 1 in Translocations
 33540 | Lair:5   | Learned a level 5 spell: Summon Forest
 33968 | Lair:5   | Noticed Nessos
 34806 | Lair:5   | Killed Nessos
 35410 | Lair:5   | Found a burning altar of Makhleb.
 35442 | Lair:5   | Reached skill level 5 in Translocations
 35890 | Lair:5   | Reached ***** piety under Kikubaaqudgha
 36187 | Lair:5   | Found a gateway to Hell.
 36794 | D:5      | Bought a scroll of identify for 24 gold pieces
 36794 | D:5      | Bought a scroll of identify for 24 gold pieces
 36794 | D:5      | Bought 3 scrolls of vulnerability for 144 gold pieces
 36976 | Orc:1    | Entered Level 1 of the Orcish Mines
 37135 | Orc:1    | Found Piloschurr's Assorted Antiques.
 37378 | Orc:1    | Learned a level 6 spell: Death Channel
 37382 | Orc:1    | Bought a transparent turquoise ring for 130 gold pieces
 37382 | Orc:1    | Identified the ring of Zaudweom {rF+ Str+6 SInv Stlth+}
                  | (You bought it in a shop on level 1 of the Orcish Mines)
 37382 | Orc:1    | Bought a green potion for 23 gold pieces
 37382 | Orc:1    | Bought a scroll labelled TIEN RE TESTROK for 26 gold pieces
 37518 | Orc:1    | Found Hadghil's Antique Weapon Shop.
 37521 | Orc:1    | Found Kentipn's Magic Scroll Emporium.
 37523 | Orc:1    | Found Nitaeluco's Armour Shop.
 37614 | Orc:1    | Bought a scroll of revelation for 105 gold pieces
 37614 | Orc:1    | Bought a scroll of identify for 28 gold pieces
 37614 | Orc:1    | Bought a scroll of identify for 28 gold pieces
 37849 | Orc:1    | Paralysed by a floating eye for 3 turns
 37883 | Orc:1    | Reached skill level 16 in Dodging
 38174 | Orc:1    | Found Pishi's Magic Scroll Emporium.
 38182 | Orc:1    | Bought a scroll of silence for 95 gold pieces
 38264 | Orc:2    | Entered Level 2 of the Orcish Mines
 38284 | Orc:2    | Found a staircase to the Elven Halls.
 38314 | Orc:2    | Noticed an orc warlord
 39047 | D:3      | You fall into a shaft and drop 3 floors!
 39228 | D:3      | Found an opulent altar of Gozag.
 41051 | D:12     | Reached skill level 10 in Necromancy
 41166 | D:12     | Reached XP level 15. HP: 73/73 MP: 17/30
 42477 | D:13     | Found a frozen archway.
 42558 | D:13     | Found a gate to the Vaults.
 45198 | D:15     | Entered Level 15 of the Dungeon
 46210 | D:15     | Reached skill level 17 in Dodging
 46494 | D:15     | Mangled by a hell knight
 46496 | D:15     | Upgraded the game from 0.31-a0-765-g67fe2935dc to
                  | 0.31-a0-788-ga445dbd2db
 47251 | D:15     | Found a staircase to the Depths.
 48575 | Orc:2    | Reached ****** piety under Kikubaaqudgha
 49118 | Orc:2    | Found Vygu's Antique Armour Boutique.
 49119 | Orc:2    | Found Lekyigemm's Antique Weapon Boutique.
 49121 | Orc:2    | Found Xalul's General Store.
 49121 | Orc:2    | Found Vupp's Jewellery Shop.
 49127 | Orc:2    | Bought an amulet of magic regeneration for 450 gold pieces
 49460 | Shoals:1 | Entered Level 1 of the Shoals
 49500 | Shoals:1 | Noticed Mlioglotl
 49524 | Shoals:1 | Killed Mlioglotl
 49814 | Shoals:1 | Killed from afar by a wind drake
 49895 | Shoals:1 | Found Eiwyj's Eclectic Emporium.
 49901 | Shoals:1 | Reached XP level 16. HP: 79/79 MP: 24/32
 49920 | Shoals:1 | Noticed Jorgrun
 49933 | Shoals:1 | Killed Jorgrun
 49978 | Shoals:1 | Bought a potion of experience for 850 gold pieces
 49978 | Shoals:1 | Reached XP level 17. HP: 82/82 MP: 32/34
 49985 | Shoals:1 | Learned a level 5 spell: Borgnjor's Vile Clutch
 50056 | Shoals:1 | Reached skill level 1 in Earth Magic
 50874 | Shoals:2 | Noticed Nikola
 50881 | Shoals:2 | Killed Nikola
 50882 | Shoals:2 | Reached skill level 5 in Earth Magic
 50898 | Shoals:2 | Found Moroylaj's Self-Improvement Boutique.
 51508 | Shoals:2 | Found God Nergh's Magic Scroll Shoppe.
 51511 | Shoals:2 | Bought a scroll of summoning for 142 gold pieces
 51535 | Shoals:2 | Received a gift from Kikubaaqudgha (forbidden knowledge)
 51666 | Shoals:2 | Your ally Nikola died
 51741 | Shoals:3 | Noticed Polyphemus
 51758 | Shoals:3 | Killed from afar by a wind drake
 51808 | Shoals:3 | Reached skill level 18 in Dodging
 51833 | Shoals:3 | Found a hide-covered altar of Uskayaw.
 51863 | Shoals:3 | HP: 3/83 [faun/+0 quarterstaff (20)]
 51908 | Shoals:3 | Killed Polyphemus
 52200 | Shoals:3 | Shot with an arrow by a satyr

Illustrated notes

Levels and vault maps discovered:
D:1:      lightli_arrival_noodles, layout_rooms, minmay_heptomino_l4
D:2:      layout_basic, basic_altar, amcnicky_mini_rare_corridor_liquid,
          nicolae_figureground_sparkle
D:3:      layout_rooms, lemuel_crystal_altar, kennysheep_decorative_pillar,
          corexii_leaking_fountain
D:4:      layout_loops_ring, nicolae_ru_the_path_less_chosen,
          cheibrodos_sewer_entry_bend, uniq_edmund
D:5:      layout_cave_pods, mainiacjoe_overflow_concentric_impassable,
          mainiacjoe_overflow_six_doors_small, nicolae_qazlal_general_emergency,
          serial_shops, shop, kennysheep_nondescript, kb_lookout_dungeons_type
D:6:      layout_basic, minmay_temple_entry_enclosed_plants, uniq_duvessa
D:7:      layout_cave_pools, mainiacjoe_overflow_surrounded_room, uniq_pikel,
          uniq_joseph, uniq_menkaure
D:8:      layout_basic, fedhas_ov_isle_minmay, amcnicky_mini_pool_small
D:9:      layout_loops_cross, orc_0_dummy, enter_bailey_4,
          hangedman_feature_mirror, uniq_prince_ribbit1, uniq_maggie
D:10:     layout_long_grid, mainiacjoe_overflow_swirl,
          nicolae_overflow_hidden_temple, minmay_checkerbox, uniq_erolcha,
          uniq_urug
D:11:     cheibrodos_elevator_heist, layout_irregular_city, erik_lair_dragon,
          nicolae_trove_entry_diagonal, okawaru_altar_gauntlet_db
D:12:     layout_long_grid
D:13:     layout_basic, erik_vaults_1, portal_ice_cave_entry_ice_simulacra
D:14:     layout_big_octagon, minmay_misc_feat_enclosed, serial_bayou,
          serial_bayou_pond_a, serial_bayou_pond_e, serial_bayou_pond_c,
          serial_bayou_ford_a, serial_bayou_pond_d, serial_bayou_lake_a
D:15:     hangedman_depths_entry_civil_slaughter, layout_basic,
          serial_park_square1 [serial_park_minivault_5x5_6],
          columned_hall_lemuel
Temple:   nicolae_temple_ecumenical_triangle
Lair:1:   dreamdust_labyrinth, layout_layer_cave, dreamdust_deal_with_the_devil,
          grunt_megastairs_4, lemuel_fruit_fields
Lair:2:   layout_misc_corridors, minmay_snake_entry_six_corridors, basic_altar
Lair:3:   layout_chaotic_city, elwin_shoals_entry_rooms, grunt_megastairs_2,
          serial_bayou_shore_a
Lair:4:   kb_forest_paths, layout_loops_ring, dpeg_slime_entry_enclosed,
          lemuel_fruit_fields, infiniplex_staircase_pool
Lair:5:   evil_forest, layout_hall_layers, uniq_nessos
Shoals:1: layout_shoals, nicolae_alphabet_shops, nicolae_shoals_cliffside_cave,
          uniq_mlioglotl, uniq_jorgrun
Shoals:2: nicolae_shoals_aurelia_aurita, layout_shoals, serial_shops,
          nicolae_shop_rolled_up, nicolae_shop_self_help, uniq_nikola
Shoals:3: layout_shoals, regret_index_shoals_crete, uniq_polyphemus
Orc:1:    hellmonk_paralyzer, layout_caves, serial_shops, shop,
          nicolae_shop_hallway_stairs, shop, nicolae_shop_hallway_plus, shop
Orc:2:    st_orc_congregation, layout_caves

Skill      XL: |  1  2  3  4  5  6  7  8  9 10 11 12 13 14 15 16 17 |
---------------+----------------------------------------------------+-----
Spellcasting   | 3 4 5 6 7 8 10 11 12 | 12.5
Summonings     | 5 6 7 8 9 11 12 13 | 13.2
Hexes          | 1 5 |  5.0
Dodging        | 3 4 5 6 7 9 11 13 15 16 17 18 | 18.0
Fighting       | 1 2 3 4 5 7 8 10 11 12 13 14 | 14.0
Air Magic      | 5 |  5.0
Necromancy     | 6 10 12 | 12.6
Translocations | 5 |  5.4
Stealth        | 4 |  4.0
Earth Magic    | 6 |  6.0

Action                     |  1- 3 |  4- 6 |  7- 9 | 10-12 | 13-15 | 16-18 || total
---------------------------+-------+-------+-------+-------+-------+-------++-------
  Melee: Unarmed           |    29 |    11 |    27 |    45 |    83 |    17 ||   212
         Bite              |     3 |     1 |     4 |     6 |    16 |     2 ||    32
         Punch             |       |       |     1 |       |       |     1 ||     2
   Cast: Summon Small Mamm |    52 |    27 |    12 |       |       |       ||    91
         Call Canine Famil |     2 |    32 |    75 |   101 |   178 |    13 ||   401
         Summon Guardian G |       |     6 |    43 |    73 |    62 |       ||   184
         Summon Lightning  |       |       |     8 |    99 |   170 |    23 ||   300
         Animate Dead      |       |       |       |       |     4 |     5 ||     9
         Summon Cactus Gia |       |       |       |       |   105 |    23 ||   128
         Summon Forest     |       |       |       |       |    13 |     2 ||    15
         Death Channel     |       |       |       |       |     1 |     4 ||     5
         Borgnjor's Vile C |       |       |       |       |       |     3 ||     3
 Invoke: Receive Forbidden |       |       |       |       |       |     1 ||     1
  Evoke: Wand              |       |       |       |       |    19 |     3 ||    22
    Use: Scroll            |       |       |    10 |     4 |    13 |     3 ||    30
         Potion            |       |       |       |     2 |     4 |     5 ||    11
   Stab: Sleeping          |       |       |       |       |     1 |       ||     1
 Armour: Skin              |    10 |    22 |    44 |    63 |   115 |    32 ||   286
  Dodge: Dodged            |    59 |    68 |   116 |   236 |   464 |    48 ||   991

Table legend: (Time is in decaauts)
 A = Elapsed time spent in this place.
 B = Non-inter-level travel time spent in this place.
 C = Inter-level travel time spent in this place.
 D = Time resting spent in this place.
 E = Time spent auto-exploring this place.
 F = Levels seen in this place.
 G = Mean time per level.
                   A        B        C        D        E       F      G
               +--------+--------+--------+--------+--------+-----+--------+
         Total |  48885 |  46080 |   2805 |  26576 |   9862 |  28 | 1745.9 |
       Dungeon |  29600 |  27547 |   2053 |  16261 |   5726 |  15 | 1973.3 |
        Temple |     11 |      7 |      4 |      0 |      0 |   1 |   11.0 |
          Lair |  12247 |  11906 |    341 |   7092 |   2516 |   5 | 2449.4 |
        Shoals |   3057 |   2960 |     97 |   1014 |    967 |   3 | 1019.0 |
  Orcish Mines |   3602 |   3294 |    308 |   2135 |    553 |   2 | 1801.0 |
         Sewer |    291 |    291 |      0 |     33 |     99 |   1 |  291.0 |
        Bailey |     74 |     74 |      0 |     41 |      0 |   1 |   74.0 |
               +--------+--------+--------+--------+--------+-----+--------+

Top non-repeatable levels by time:
     D:5: 3381 daAuts
    D:11: 3266 daAuts
    D:10: 3257 daAuts
  Lair:5: 2983 daAuts
     D:6: 2960 daAuts
  Lair:4: 2604 daAuts
  Lair:1: 2495 daAuts
     D:9: 2443 daAuts
   Orc:1: 2374 daAuts
  Lair:3: 2330 daAuts
     D:2: 2239 daAuts
    D:14: 2075 daAuts
     D:7: 2049 daAuts
  Lair:2: 1834 daAuts
    D:15: 1564 daAuts
